AoeStats
← Sample Text

Arabia

509550196Analyzed
3v3 RM · 5d ago on Sep 27, 2026· 60m 45s· 6 players
Game mode
Random Map
Map size
Normal (6 player)
Population
200
Speed
Normal
Resources
Standard
Victory
Conquest
Starting age
Dark Age
Ending age
Imperial Age
RankedLock teamsTeams togetherTeam positionsShared explorationLock speedFull tech treeHidden civsTurbo modeCheats
Victory
Defeat
🇦🇺 Ethiopians · Australia
1077
+15
🇦🇺 Saxons · Australia
1047
+16
🇦🇺 Varangians · Australia
1031
+16
🇲🇽 Huns · Mexico
1061
-16
🇲🇽 Romans · Mexico
1049
-16
🇲🇽 Vietnamese · Mexico
1032
-15
yazidzr
4:35 Loom
10:41 Feudal Age
11:35 Double-Bit Axe
13:18 Horse Collar
21:54 Castle Age
20:10 Fletching
20:21 Padded Archer Armor
20:21 Gold Mining
23:58 Forging
23:54 Scale Barding Armor
23:14 Pikeman
28:50 Stone Mining
32:35 Scale Mail Armor
42:10 Bow Saw
47:37 Heavy Plow
48:09 Bodkin Arrow
48:58 Leather Archer Armor
50:51 Stone Shaft Mining
El_Terrible
3:16 Loom
9:47 Feudal Age
10:13 Double-Bit Axe
15:39 Forging
22:34 Castle Age
21:43 Stone Mining
23:25 Scale Barding Armor
23:22 Husbandry
23:35 Bloodlines
24:33 Wheelbarrow
24:41 Chain Barding Armor
24:37 Horse Collar
26:23 Town Watch
29:25 Gold Mining
31:32 Marauders
32:11 Iron Casting
34:17 Hand Cart
34:50 Heavy Plow
40:13 Imperial Age
41:23 Conscription
40:23 Elite Tarkan
41:42 Plate Barding Armor
42:08 Blast Furnace
41:35 Elite Tarkan
43:22 Town Patrol
44:03 Heavy Cavalry Archer
44:48 Thumb Ring
44:54 Thumb Ring
45:16 Parthian Tactics
44:43 Fletching
44:54 Padded Archer Armor
46:30 Bodkin Arrow
47:40 Bracer
48:41 Leather Archer Armor
51:49 Chemistry
51:10 Ballistics
55:06 Light Cavalry
56:47 Gold Shaft Mining
56:24 Bow Saw
56:51 Elite Skirmisher
57:00 Hussar
len´s_goth
3:31 Loom
10:14 Feudal Age
11:21 Man-at-Arms
25:40 Castle Age
24:40 Stone Mining
24:37 Double-Bit Axe
24:34 Horse Collar
26:46 Long Swordsman
29:16 Scale Mail Armor
29:59 Squires
31:25 Town Watch
31:53 Gold Mining
37:56 Heavy Plow
41:07 Wheelbarrow
45:49 Imperial Age
44:06 Gold Shaft Mining
44:18 Forging
44:14 Scale Barding Armor
45:26 Husbandry
45:36 Bloodlines
46:05 Iron Casting
45:44 Padded Archer Armor
47:55 Conscription
47:07 Elite Centurion
48:29 Chain Barding Armor
49:09 Blast Furnace
52:19 Blast Furnace
53:37 Plate Barding Armor
Sample Text
7:36 Loom
9:49 Feudal Age
10:45 Double-Bit Axe
10:22 Man-at-Arms
18:16 Padded Archer Armor
18:09 Fletching
22:05 Gold Mining
25:14 Castle Age
24:28 Padded Archer Armor
24:51 Scale Mail Armor
25:02 Forging
25:18 Long Swordsman
26:17 Chain Mail Armor
26:55 Bow Saw
27:03 Pikeman
28:01 Squires
30:13 Iron Casting
35:40 Wheelbarrow
37:13 Redemption
37:23 Stone Mining
41:09 Imperial Age
38:31 Gambesons
40:32 Hand Cart
40:13 Arson
42:25 Plate Mail Armor
41:58 Halberdier
42:44 Shield Wall
42:51 Two-Handed Swordsman
44:02 Elite Varangian Guard
44:06 Champion
45:35 Gold Shaft Mining
46:29 Conscription
47:42 Bodkin Arrow
49:00 Elite Varangian Guard
50:14 Horse Collar
51:43 Two-Man Saw
51:46 Heavy Scorpion
57:47 Capped Ram
59:48 Elite Hearth Troop
Big J
7:16 Loom
9:54 Feudal Age
10:20 Double-Bit Axe
9:58 Man-at-Arms
12:39 Wheelbarrow
16:35 Horse Collar
20:51 Castle Age
19:22 Fletching
21:03 Crossbowman
23:18 Bodkin Arrow
24:05 Padded Archer Armor
24:34 Thumb Ring
25:54 Hand Cart
29:46 Leather Archer Armor
29:29 Gold Mining
29:29 Stone Mining
30:32 Ballistics
33:37 Bow Saw
36:00 Imperial Age
39:25 Imperial Age
38:02 Forging
37:53 Scale Mail Armor
40:59 Iron Casting
43:18 Imperial Age
42:21 Chain Mail Armor
45:19 Imperial Age
48:13 Heavy Plow
48:01 Elite Skirmisher
50:48 Conscription
52:07 Stone Shaft Mining
52:10 Gold Shaft Mining
53:47 Bracer
55:17 Ring Archer Armor
55:47 Arbalester
60:02 Chemistry
NaughtyBoy
3:58 Loom
10:49 Feudal Age
13:02 Bloodlines
20:36 Castle Age
19:56 Double-Bit Axe
19:54 Horse Collar
27:48 Forging
29:31 Wheelbarrow
29:48 Gold Mining
36:04 Scale Mail Armor
37:43 Hand Cart
39:03 Bow Saw
42:10 Imperial Age
39:22 Pikeman
39:50 Gambesons
41:11 Squires
42:57 Chain Mail Armor
43:17 Iron Casting
44:12 Halberdier
45:01 Murder Holes
45:27 Ballistics
46:29 Iron Casting
47:09 Elite Varangian Guard
48:12 Capped Ram
50:27 Elite Jarl
Connection lost

Rejoining the realm…

Still unreachable

The connection could not be restored.

Session expired

The server has moved on; the page needs a fresh start.